 Dungeon Crawl Stone Soup version 0.18-a0-750-g37044d6 (webtiles) character file.

10096 root the Blocker (level 11, -15/94 HPs)
             Began as a Minotaur Fighter on Dec 12, 2015.
             Was a Priest of Qazlal.
             Demolished by a death yak (21 damage)
             ... on level 1 of the Lair of Beasts.
             The game lasted 00:53:28 (10181 turns).

root the Blocker (Minotaur Fighter)                Turns: 10181, Time: 00:53:28

Health: -15/94     AC: 15    Str: 20    XL:     11   Next: 31%
Magic:  15/15      EV: 11    Int:  5    God:    Qazlal [***...]
Gold:   655        SH: 12    Dex: 15    Spells: 0 memorised, 10 levels left

rFire  + + .     SeeInvis .     a - +0 long sword
rCold  + . .     Clarity  .     M - +0 chain mail {rF+}
rNeg   . . .     SustAt   .     u - +2 buckler
rPois  +         Gourm    .     (helmet restricted)
rElec  .         Spirit   .     T - +0 cloak
rCorr  +         Dismiss  .     J - +0 pair of gloves "Husuw" {rPois rF+ rC+ Int-3}
rMut   .         Stasis   .     i - +0 pair of boots
MR     +....                    Q - amulet of resist corrosion
Stlth  ..........               A - +4 ring of dexterity
                                k - ring of protection from magic

@: hasted, very quick, somewhat resistant to hostile enchantments, extremely
unstealthy
A: retaliatory headbutt, horns 2
a: Upheaval, Elemental Force, Renounce Religion


You were on level 1 of the Lair of Beasts.
You worshipped Qazlal.
Qazlal was most pleased with you.
You were not hungry.

You visited 3 branches of the dungeon, and saw 13 of its levels.
You also visited: Bailey.

You collected 655 gold pieces.

Inventory:

Hand Weapons
 a - a +0 long sword (weapon)
Armour
 c - a +0 shield
 i - a +0 pair of boots (worn)
 u - a +2 buckler (worn)
 J - the +0 pair of gloves "Husuw" (worn) {rPois rF+ rC+ Int-3}
   (You found it on level 5 of the Dungeon)

   It affects your intelligence (-3).
   It protects you from fire.
   It protects you from cold.
   It protects you from poison.
 M - a +0 chain mail of fire resistance (worn)
 T - a +0 cloak (worn)
Jewellery
 j - an uncursed amulet of clarity
 k - a ring of protection from magic (left hand)
 n - an uncursed ring of protection from cold
 r - an uncursed amulet of stasis
 A - a +4 ring of dexterity (right hand)
 F - an uncursed amulet of the gourmand
 Q - an amulet of resist corrosion (around neck)
Wands
 p - a wand of fireball (0)
 O - a wand of lightning (1)
 S - a wand of disintegration (8)
 U - a wand of magic darts (15)
 W - a wand of confusion (26)
 X - a wand of confusion (3)
Scrolls
 b - 2 scrolls of identify
 l - 2 scrolls of recharging
 o - 2 scrolls of magic mapping
 t - 5 scrolls of remove curse
 v - 3 scrolls of teleportation {unknown}
 w - 3 scrolls of fear {unknown}
 K - 3 scrolls of blinking {unknown}
 N - a scroll of fog {unknown}
 V - a scroll of amnesia {unknown}
Potions
 d - 5 potions of curing
 f - 3 potions of heal wounds
 g - 2 potions of magic
 h - a potion of haste
 B - a potion of brilliance {unknown}
 C - 2 potions of agility
 D - 2 potions of lignification {unknown}
 E - a potion of berserk rage {unknown}
 G - a potion of beneficial mutation {unknown}
 L - 3 potions of might
Comestibles
 e - 5 bread rations
 m - a meat ration


   Skills:
 + Level 8.2 Fighting
 + Level 8.5 Long Blades
 + Level 9.2 Armour
 + Level 6.5 Dodging
 + Level 9.9 Shields
 * Level 5.5 Invocations
 * Level 7.0 Evocations


You had 10 spell levels left.
You didn't know any spells.

Dungeon Overview and Level Annotations

Branches:
Dungeon (11/15)            Temple (1/1) D:7            Lair (1/8) D:8
    Orc: D:9-12

Altars:
Ashenzari
Cheibriados
Dithmenos
Elyvilon
Fedhas
Gozag
Kikubaaqudgha
Makhleb
Nemelex Xobeh
Okawaru
Pakellas
Qazlal
Ru
Sif Muna
Trog
Vehumet
Xom
Yredelemnul
Zin
The Shining One

Shops:
D:7 *


Innate Abilities, Weirdness & Mutations

You reflexively headbutt those who attack you in melee.
You have a pair of horns on your head.


Message History

The death yak is severely wounded.
The death yak misses you.
You hit the death yak.
The death yak is severely wounded.
The death yak gores you!
* * * LOW HITPOINT WARNING * * *
You are too injured to fight recklessly!
You are too injured to fight recklessly!
You are too injured to fight recklessly!
You are too injured to fight recklessly!
Drink which item? (? for menu, Esc to quit)
You feel much better. You block the death yak's attack.
You hit the death yak.
You headbutt the death yak, but do no damage.
The death yak is severely wounded.
The death yak gores you!!
* * * LOW HITPOINT WARNING * * *
Drink which item? (? for menu, Esc to quit)
You feel yourself speed up. The death yak gores you!!
You die...

###.# ###.+########
##+##### ##...........#
........ #...........+
+....... #..........>#
#....... ##..........#
#....... #..........#
#....... ###.#.#+.###
#....... ####.@##
##....... ##.Y##
##.P....#. ##...#
##.....##.# #..#####
#..>....### ###.P###.###
#(..#.#....
#........#.###.....#..#.
#...........#..####..###
#....ยง.....### #.#...#
#..........#####.#..##


You could see a death yak.

Vanquished Creatures
  A hill giant (D:10)
  A manticore (D:11)
  A spiny frog (Lair:1)
  A fire drake (Lair:1)
  2 komodo dragons (Lair:1)
  A troll (D:9)
  A two-headed ogre (D:10)
  A wyvern (D:9)
  A deep elf mage (D:11)
  14 yaks
  A hippogriff (Lair:1)
  A steam dragon (D:8)
  6 wolves (Lair:1)
  2 water moccasins
  6 orc warriors
  2 phantoms
  5 ice beasts
  A black bear (D:9)
  A necrophage (D:7)
  2 porcupines (Lair:1)
  2 sky beasts
  2 ogres
  3 centaurs
  4 crocodiles (Lair:1)
  7 giant frogs
  3 scorpions
  An oklob sapling (D:7)
  2 hounds
  4 crimson imps
  A giant frog skeleton (D:9)
  A giant frog zombie (D:11)
  2 iguanas
  5 orc priests
  6 orc wizards
  2 jellies
  5 worker ants
  12 river rats (Lair:1)
  3 shadow imps
  16 adders
  3 adder skeletons
  An adder zombie (D:5)
  3 worms
  4 giant geckos
  42 orcs
  4 ball pythons
  8 bats
  2 giant cockroaches (D:2)
  13 goblins
  7 hobgoblins
  8 jackals
  5 quokkas
  3 giant newts
  8 kobolds
  A quokka skeleton (D:5)
  10 rats
  4 plants
258 creatures vanquished.

Vanquished Creatures (others)
  An adder (D:7)
  2 fungi (Lair:1)
  3 plants
6 creatures vanquished.

Grand Total: 264 creatures vanquished

Notes
Turn   | Place    | Note
--------------------------------------------------------------
     0 | D:1      | root the Minotaur Fighter began the quest for the Orb.
     0 | D:1      | Reached XP level 1. HP: 19/19 MP: 0/0
     0 | D:1      | Found a shadowy altar of Dithmenos.
   183 | D:1      | Reached XP level 2. HP: 24/27 MP: 1/1
   348 | D:1      | Reached skill level 4 in Shields
   658 | D:2      | Reached XP level 3. HP: 33/33 MP: 2/2
   862 | D:2      | Reached XP level 4. HP: 19/40 MP: 3/3
  1639 | D:3      | Reached skill level 1 in Dodging
  1806 | D:3      | Reached skill level 1 in Evocations
  1839 | D:3      | Reached XP level 5. HP: 30/47 MP: 4/4
  1896 | D:3      | Found a sacrificial altar of Ru.
  1916 | D:3      | Reached skill level 5 in Armour
  2487 | D:4      | Reached skill level 5 in Shields
  2556 | D:4      | Noticed a sky beast
  2560 | D:4      | Killed a sky beast
  2560 | D:4      | Reached XP level 6. HP: 53/53 MP: 6/6
  2755 | D:4      | Found a deep blue altar of Sif Muna.
  2755 | D:4      | Found a shimmering altar of Xom.
  3091 | D:5      | Entered Level 5 of the Dungeon
  3157 | D:5      | Found a basalt altar of Yredelemnul.
  3187 | D:5      | Got a pair of dazzling gloves
  3193 | D:5      | Identified the +0 pair of gloves "Husuw" {rPois rF+ rC+ Int-3} (You found it on level 5 of the Dungeon)
  3276 | D:5      | Reached XP level 7. HP: 58/60 MP: 6/8
  3698 | D:5      | Found a shattered altar of Ashenzari.
  3726 | D:5      | Reached skill level 5 in Fighting
  3992 | D:6      | Reached skill level 6 in Shields
  4002 | D:6      | Found an oddly glowing altar of Pakellas.
  4108 | D:6      | Reached XP level 8. HP: 44/69 MP: 9/9
  4196 | D:6      | Reached skill level 5 in Long Blades
  4255 | D:6      | Found a white marble altar of Elyvilon.
  4256 | D:6      | Found a glowing golden altar of the Shining One.
  4257 | D:6      | Found a glowing silver altar of Zin.
  4456 | D:7      | Found Iptimeas's Assorted Antiques.
  4689 | D:7      | Found a radiant altar of Vehumet.
  4718 | D:7      | Found a staircase to the Ecumenical Temple.
  4810 | Temple   | Entered the Ecumenical Temple
  4893 | Temple   | Became a worshipper of Qazlal Stormbringer
  5018 | D:7      | Found a bloodstained altar of Trog.
  5369 | D:8      | Reached skill level 1 in Invocations
  5373 | D:8      | Reached skill level 7 in Armour
  5542 | D:8      | Found a shadowy altar of Dithmenos.
  5624 | D:8      | Reached XP level 9. HP: 39/75 MP: 11/11
  5892 | D:8      | Found an opulent altar of Gozag.
  5941 | D:8      | Found a staircase to the Lair.
  6209 | D:9      | Found a flagged portal.
  6413 | Bailey   | Entered a bailey
  7093 | Bailey   | Reached skill level 5 in Dodging
  7100 | Bailey   | Reached * piety under Qazlal
  7222 | D:9      | Found a sparkling altar of Nemelex Xobeh.
  7231 | D:9      | Reached skill level 5 in Evocations
  7735 | D:9      | Reached skill level 8 in Armour
  7849 | D:9      | Reached XP level 10. HP: 80/86 MP: 13/13
  7866 | D:10     | Entered Level 10 of the Dungeon
  8369 | D:10     | Noticed a hill giant
  8385 | D:10     | Killed a hill giant
  8385 | D:10     | Reached ** piety under Qazlal
  8903 | D:10     | Reached skill level 9 in Shields
  9134 | D:11     | Noticed a manticore
  9140 | D:11     | Killed a manticore
  9156 | D:11     | Noticed a six-headed hydra
  9294 | Lair:1   | Entered Level 1 of the Lair of Beasts
  9325 | Lair:1   | Reached XP level 11. HP: 42/94 MP: 13/15
  9334 | Lair:1   | Reached skill level 5 in Invocations
 10092 | Lair:1   | Reached *** piety under Qazlal
 10134 | Lair:1   | Noticed a death yak
 10181 | Lair:1   | Demolished by a death yak

Vault maps used:
D:1:      sevenhm_arrival_forest_fort_small_6
D:3:      nicolae_ru_great_annihilating_truth, first_bread,
          mrwooster_statue_mirror
D:4:      gammafunk_temple_overflow_pools
D:5:      old_standard_altar, kennysheep_mini
D:6:      good_gods_temple_1, old_standard_altar
D:7:      lemuel_coloured_pillars_altar, fiery_altar_vehumet,
          minmay_temple_entry_oklob, serial_shops, shop
D:8:      nicolae_gozag_seed_capital, nicolae_dithmenos_the_darkroom,
          lair_0_dummy
D:9:      nemelex_xobeh_ov_fountains_minmay, enter_bailey_3
D:11:     kennysheep_orc_monster_closet_entryway, the_bakery, grunt_ministairs_8
Temple:   circular_temple_6
Bailey:   bailey_polearm_1, bailey

Action                   |  1- 3 |  4- 6 |  7- 9 | 10-12 || total
-------------------------+-------+-------+-------+-------++-------
Melee: Long sword        |   116 |   171 |   359 |   327 ||   973
Evoke: Wand              |       |       |    29 |     8 ||    37
  Use: Potion            |     3 |       |       |     2 ||     5
       Scroll            |       |     3 |     4 |     5 ||    12
 Stab: Paralysed         |       |     3 |       |       ||     3
       Confused          |       |       |       |     2 ||     2
  Eat: Chunk             |       |     8 |    17 |     8 ||    33
